 Dungeon Crawl Stone Soup version 0.32-a0-870-g877066f4b4 (webtiles) character file.

Game seed: 11774986896700474211

77 Nvm9 the Trooper (level 4, 0/35 HPs)
             Began as a Demonspawn Fighter on Mar 29, 2024.
             Slain by a goblin
             ... wielding a +0 dagger
              (2 damage)
             ... on level 2 of the Dungeon.
             The game lasted 00:01:49 (1385 turns).

Nvm9 the Trooper (Demonspawn Fighter)               Turns: 1385, Time: 00:01:50

Health: 0/35       AC: 10    Str: 18    XL:     4   Next: 13%
Magic:  4/4        EV:  8    Int:  9    God:
Gold:   136        SH:  4    Dex: 12    Spells: 3/3 levels left

rFire   . . .        a - +0 war axe
rCold   . . .        c - +0 buckler
rNeg    . . .        b - +0 scale mail
rPois   .            (no helmet)
rElec   .            (no cloak)
rCorr   .            e - +0 pair of gloves
SInv    .            (no boots)
Will    .....        (no amulet) Stlth
                     (no ring)
HPRegen 0.25/turn    (no ring)
MPRegen 0.09/turn

%: no passive effects
@: no status effects
A: claws 1, slimy green scales 1
a: no special abilities


You were on level 2 of the Dungeon.
You visited 1 branch of the dungeon, and saw 2 of its levels.

You collected 136 gold pieces.

Inventory:

Hand Weapons
 a - a +0 war axe (weapon)
Missiles
 k - 4 datura-tipped darts (quivered)
Armour
 b - a +0 scale mail (worn)
 c - a +0 buckler (worn)
 e - a +0 pair of gloves (worn)
Scrolls
 g - a scroll of teleportation {unknown}
 h - 2 scrolls of identify {unknown}
 i - a scroll of enchant weapon {unknown}
 j - a scroll of amnesia {unknown}
 m - 2 scrolls of poison {unknown}
Potions
 d - a potion of might
 f - a potion of curing {unknown}
 l - a potion of mutation {unknown}


   Skills:
 * Level 3.5 Fighting
 * Level 2.5 Axes
 + Level 0.2 Throwing
 * Level 3.2 Armour
 * Level 3.2 Shields


You had 3 spell levels left.
You didn't know any spells.
Your spell library contained the following spells:

 Spells                   Type           Power      Damage    Failure   Level
 Fugue of the Fallen      Necr           0%         N/A       99%         3
 Ozocubu's Armour         Ice            0%         N/A       99%         3
 Manifold Assault         Tloc           0%         N/A       100%        7


Dungeon Overview and Level Annotations

Branches:
Dungeon (2/15)

Altars:


Innate Abilities, Weirdness & Mutations

You have sharp fingernails.
You are partially covered in slimy green scales. (AC +2)


Message History

The quokka bites you but does no damage.
The goblin barely misses you. The hobgoblin barely misses you.
The quokka completely misses you.
The hobgoblin hits you but does no damage.
The goblin hits you but does no damage. The quokka misses you.
The hobgoblin hits you. The goblin hits you but does no damage.
The quokka bites you.
* * * LOW HITPOINT WARNING * * *
The hobgoblin hits you but does no damage.
The goblin barely misses you. You block the quokka's attack.
The quokka bites you but does no damage.
The goblin barely misses you. The hobgoblin closely misses you.
The quokka bites you but does no damage.
The goblin hits you with a +0 dagger.
* * * LOW HITPOINT WARNING * * *
The hobgoblin hits you.
* * * LOW HITPOINT WARNING * * *
You block the quokka's attack. The goblin hits you but does no damage.
The hobgoblin hits you.
* * * LOW HITPOINT WARNING * * *
You block the quokka's attack. The goblin hits you but does no damage.
The hobgoblin hits you but does no damage.
The quokka barely misses you. The goblin hits you but does no damage.
The hobgoblin hits you but does no damage.
The quokka bites you.
* * * LOW HITPOINT WARNING * * *
The quokka bites you but does no damage.
The goblin barely misses you. The hobgoblin barely misses you.
You block the quokka's attack. The goblin hits you but does no damage.
The hobgoblin closely misses you.
The quokka bites you but does no damage.
The hobgoblin hits you but does no damage.
The goblin hits you but does no damage. The quokka bites you.
* * * LOW HITPOINT WARNING * * *
The hobgoblin hits you but does no damage.
The goblin barely misses you. The quokka barely misses you.
The goblin hits you with a +0 dagger.
You die...

#..# . . .... #
########.# ##..#
#####........# #..#
............# ..#
#####.#####.# ..# #.#
#.# ..# #.#####.#####g.#
#.#.........@g.#
#†...##.##..r.......
#####.....#.##.##.######
...............# .#
.####......##### ..
#.......# ...
#.......... .###
###.....#..# .#
##...##..#


You could see a quokka, a hobgoblin and a goblin.

Vanquished Creatures
  3 adders (D:2)
  A ribbon worm (D:2)
  A dart slug (D:1)
  4 endoplasms
  6 giant cockroaches
  A goblin (D:2)
  4 hobgoblins
  A quokka (D:2)
  6 ball pythons
  4 bats
  5 frilled lizards
  5 kobolds
  4 rats
45 creatures vanquished.

Notes
Turn   | Place    | Note
-------+----------+-------------------------------------------
     0 | D:1      | Nvm9 the Demonspawn Fighter began the quest for the Orb.
     0 | D:1      | Reached XP level 1. HP: 18/18 MP: 1/1
    96 | D:1      | Gained mutation: You are partially covered in slimy green
                  | scales. (AC +2) [demonic ancestry]
    96 | D:1      | Reached XP level 2. HP: 24/24 MP: 2/2
   818 | D:1      | Reached XP level 3. HP: 29/29 MP: 3/3
  1214 | D:2      | Gained mutation: You have sharp fingernails. [demonic
                  | ancestry]
  1214 | D:2      | Reached XP level 4. HP: 35/35 MP: 4/4
  1385 | D:2      | Slain by a goblin

Illustrated notes

Levels and vault maps discovered:
D:1:      co_arrival_square_in_a_square_in_a_square, layout_basic
D:2:      layout_loops_ring

Skill      XL: |  1  2 |
---------------+-------+-----
Axes           | 2 |  2.5
Shields        | 3 |  3.2
Armour         | 3 |  3.2
Fighting       | |  3.5
Throwing       | |  0.2

Action                     |  1- 3 |  4- 6 || total
---------------------------+-------+-------++-------
  Melee: War axe           |   107 |    13 ||   120
 Armour: Scale mail        |    87 |   124 ||   211
  Dodge: Dodged            |    42 |    72 ||   114
  Block: Buckler           |    36 |    39 ||    75

Table legend: (Time is in decaauts)
 A = Elapsed time spent in this place.
 B = Non-inter-level travel time spent in this place.
 C = Inter-level travel time spent in this place.
 D = Time resting spent in this place.
 E = Time spent auto-exploring this place.
 F = Levels seen in this place.
 G = Mean time per level.
                   A        B        C        D        E       F      G
               +--------+--------+--------+--------+--------+-----+--------+
         Total |   1436 |   1354 |     82 |     34 |    930 |   2 |  718.0 |
       Dungeon |   1436 |   1354 |     82 |     34 |    930 |   2 |  718.0 |
               +--------+--------+--------+--------+--------+-----+--------+

Top non-repeatable levels by time:
     D:1: 997 daAuts
     D:2: 439 daAuts
